[Event "SRB-chT Women 1st League 2019"]
[Site "Subotica"]
[Date "2019.08.24"]
[Round "3"]
[White "Tadic, Katarina"]
[Black "Chelushkina, Irina"]
[Result "1-0"]
[ECO "A36"]
[WhiteElo "2020"]
[BlackElo "2275"]
[Annotator "NA"]
[PlyCount "82"]
[EventDate "2019.08.23"]
[EventType "team-tourn"]
[EventCountry "SRB"]
[SourceTitle "playchess.com"]
[Source "ChessBase"]
[SourceQuality "1"]
[TimeControl "40/5400+30:1800+30"]

1. Nf3 c5 2. c4 Nc6 3. g3 g6 4. Bg2 Bg7 5. Nc3 d6 6. a3 e6 7. Rb1 Nge7 8. b4 O-O 9. O-O b6 10. e3 Bb7 11. Ne2 Rc8 12. d4 cxb4 13. axb4 a5 14. b5 Nb4 15. Nd2 Bxg2 16. Kxg2 d5 17. Ba3 dxc4 18. Bxb4 axb4 19. Rxb4 c3 20. Nf3 g5 21. Kg1 Nd5 22. Rb3 f5 23. Qd3 g4 24. Nh4 Qc7 25. e4 fxe4 26. Qxe4 Qc4 27. Rbb1 c2 28. Ra1 Nf6 29. Qe3 Rf7 30. Rfc1 Qxb5 31. Ra2 Nd5 32. Qe4 Nf6 33. Qe3 Nd5 34. Qe4 Nf6 35. Qe3 Qb1 36. Raxc2 Qxc2 37. Rxc2 Rxc2 38. Qxe6 b5 39. Nf5 Bf8 40. Nf4 b4 41. Nd3 Nd7 1-0

[Event "SRB-chT Women 1st League 2019"]
[Site "Subotica"]
[Date "2019.08.24"]
[Round "3"]
[White "Vuckovic, Lidija"]
[Black "Blagojevic, Tijana"]
[Result "0-1"]
[ECO "D00"]
[WhiteElo "1866"]
[BlackElo "2155"]
[Annotator "NA"]
[PlyCount "52"]
[EventDate "2019.08.23"]
[EventType "team-tourn"]
[EventCountry "SRB"]
[SourceTitle "playchess.com"]
[Source "ChessBase"]
[SourceQuality "1"]
[TimeControl "40/5400+30:1800+30"]

1. d4 d5 2. Bf4 Nf6 3. e3 c5 4. c3 Nc6 5. Nd2 Bf5 6. Ngf3 e6 7. Nh4 Bg4 8. Nhf3 Be7 9. h3 Bf5 10. Ne5 Nxe5 11. Bxe5 O-O 12. g4 Be4 13. Nxe4 Nxe4 14. Bd3 f5 15. O-O Bf6 16. Bxe4 fxe4 17. Bxf6 Qxf6 18. Kg2 cxd4 19. cxd4 Rac8 20. Kg3 Qe7 21. f4 exf3 22. Rxf3 Qd6+ 23. Kg2 Rxf3 24. Kxf3 Qh2 25. e4 Rf8+ 26. Ke3 Qf2+ 0-1

[Event "SRB-chT Women 1st League 2019"]
[Site "Subotica"]
[Date "2019.08.25"]
[Round "4"]
[White "Batsiashvili, Nino"]
[Black "Doluhanova, Evgeniya"]
[Result "1-0"]
[ECO "A28"]
[WhiteElo "2416"]
[BlackElo "2305"]
[Annotator "NA"]
[PlyCount "37"]
[EventDate "2019.08.23"]
[EventType "team-tourn"]
[EventCountry "SRB"]
[SourceTitle "playchess.com"]
[Source "ChessBase"]
[SourceQuality "1"]
[TimeControl "40/5400+30:1800+30"]

1. c4 Nf6 2. Nc3 e5 3. Nf3 Nc6 4. e4 Bb4 5. d3 O-O 6. a3 Bxc3+ 7. bxc3 d6 8. g3 Bg4 9. Bg2 Qc8 10. h3 Bd7 11. Nh4 a6 12. a4 Rb8 13. Rb1 $11 Ne8 14. Nf5 Bxf5 15. exf5 Nf6 16. g4 e4 17. dxe4 Re8 18. Qe2 Nd7 19. Be3 1-0

[Event "SRB-chT Women 1st League 2019"]
[Site "Subotica"]
[Date "2019.08.25"]
[Round "4"]
[White "Zimina, Olga"]
[Black "Strutinskaia, Galina"]
[Result "1/2-1/2"]
[ECO "A90"]
[WhiteElo "2376"]
[BlackElo "2205"]
[Annotator "NA"]
[PlyCount "66"]
[EventDate "2019.08.23"]
[EventType "team-tourn"]
[EventCountry "SRB"]
[SourceTitle "playchess.com"]
[Source "ChessBase"]
[SourceQuality "1"]
[TimeControl "40/5400+30:1800+30"]

1. d4 f5 2. c4 Nf6 3. g3 e6 4. Bg2 c6 5. Nc3 Bb4 6. Qc2 O-O 7. a3 Bxc3+ 8. Qxc3 d6 9. b4 a5 10. Rb1 axb4 11. axb4 Qe7 12. Bb2 Nbd7 13. Nf3 Ne4 14. Qc2 Ndf6 15. O-O Bd7 16. Ne1 b5 17. Bc1 h6 18. c5 Ra4 19. f3 Ng5 20. Nd3 d5 21. Ne5 Rfa8 22. Bxg5 hxg5 23. Qc1 Nh7 24. e4 Be8 25. Re1 Qf6 26. Rb2 Nf8 27. exd5 exd5 28. f4 Ne6 29. fxg5 Qxg5 30. Qxg5 Nxg5 31. g4 Ra1 32. Rxa1 Rxa1+ 33. Kf2 Ne4+ 1/2-1/2

[Event "SRB-chT Women 1st League 2019"]
[Site "Subotica"]
[Date "2019.08.25"]
[Round "4"]
[White "Bojkovic, Natasa"]
[Black "Gajcin, Marina"]
[Result "1/2-1/2"]
[ECO "B23"]
[WhiteElo "2374"]
[BlackElo "2267"]
[Annotator "NA"]
[PlyCount "33"]
[EventDate "2019.08.23"]
[EventType "team-tourn"]
[EventCountry "SRB"]
[SourceTitle "playchess.com"]
[Source "ChessBase"]
[SourceQuality "1"]
[TimeControl "40/5400+30:1800+30"]

1. e4 c5 2. Nc3 d6 3. f4 g6 4. Nf3 Bg7 5. Bb5+ Bd7 6. Bc4 Nc6 7. d3 Na5 8. Bd2 e6 9. a3 Ne7 10. Ba2 O-O 11. O-O Nac6 12. Kh1 Nd4 13. Rb1 Rc8 14. Ne2 Nxf3 15. Rxf3 d5 16. Ng3 b5 17. Qe1 1/2-1/2

[Event "SRB-chT Women 1st League 2019"]
[Site "Subotica"]
[Date "2019.08.25"]
[Round "4"]
[White "Nomin-Erdene, Davaademberel"]
[Black "Gaponenko, Inna"]
[Result "1/2-1/2"]
[ECO "B33"]
[WhiteElo "2367"]
[BlackElo "2446"]
[Annotator "NA"]
[PlyCount "84"]
[EventDate "2019.08.23"]
[EventType "team-tourn"]
[EventCountry "SRB"]
[SourceTitle "playchess.com"]
[Source "ChessBase"]
[SourceQuality "1"]
[TimeControl "40/5400+30:1800+30"]

1. e4 c5 2. Nf3 Nc6 3. d4 cxd4 4. Nxd4 Nf6 5. Nc3 e5 6. Ndb5 d6 7. Bg5 a6 8. Na3 b5 9. Nd5 Be7 10. Bxf6 Bxf6 11. c4 Nd4 12. Bd3 Be6 13. O-O Bxd5 14. exd5 Qb6 15. cxb5 axb5 16. Nc2 O-O 17. Nxd4 Qxd4 18. Bxb5 Qxb2 19. a4 e4 20. Rc1 Bg5 21. Rc6 Qe5 22. Re1 f5 23. Qa1 Qe7 24. Qc3 Bf6 25. Qa3 Be5 26. a5 Rfb8 27. Qa4 Qb7 28. Rb1 Qa7 29. a6 Bd4 30. Qc2 Bc5 31. Kf1 Rf8 32. Rc1 Rfb8 33. Qe2 Rb6 34. R1xc5 dxc5 35. Qc4 Rxc6 36. dxc6+ Kh8 37. g3 Qb6 38. Kg2 h6 39. Qa4 Ra7 40. Qc4 Ra8 41. Qa4 Ra7 42. Qc4 Ra8 1/2-1/2

[Event "SRB-chT Women 1st League 2019"]
[Site "Subotica"]
[Date "2019.08.25"]
[Round "4"]
[White "Stojanovic, Andjelija"]
[Black "Matkovic, Simana"]
[Result "1-0"]
[ECO "D00"]
[WhiteElo "2350"]
[BlackElo "1933"]
[Annotator "NA"]
[PlyCount "47"]
[EventDate "2019.08.23"]
[EventType "team-tourn"]
[EventCountry "SRB"]
[SourceTitle "playchess.com"]
[Source "ChessBase"]
[SourceQuality "1"]
[TimeControl "40/5400+30:1800+30"]

1. d4 d5 2. Bf4 Nf6 3. e3 c5 4. c3 Nc6 5. Nd2 Bf5 6. Ngf3 Qb6 7. dxc5 Qxb2 8. Nd4 Bg6 9. Bb5 e6 10. Qc1 Qxc1+ 11. Rxc1 Kd7 12. N2b3 a6 13. Ba4 Ne4 14. c4 Be7 15. cxd5 exd5 16. f3 Ng5 17. Na5 Rac8 18. Nxb7 Ne6 19. Nxc6 Rxc6 20. Na5 Nd8 21. Rd1 f6 22. Nxc6 Nxc6 23. Rxd5+ Ke6 24. Bxc6 1-0

[Event "SRB-chT Women 1st League 2019"]
[Site "Subotica"]
[Date "2019.08.25"]
[Round "4"]
[White "Prudnikova, Svetlana"]
[Black "Manakova, Maria"]
[Result "1/2-1/2"]
[ECO "A17"]
[WhiteElo "2234"]
[BlackElo "2237"]
[Annotator "NA"]
[PlyCount "72"]
[EventDate "2019.08.23"]
[EventType "team-tourn"]
[EventCountry "SRB"]
[SourceTitle "playchess.com"]
[Source "ChessBase"]
[SourceQuality "1"]
[TimeControl "40/5400+30:1800+30"]

1. Nf3 Nf6 2. c4 e6 3. Nc3 Bb4 4. g3 Bxc3 5. bxc3 d6 6. Bg2 O-O 7. d3 Nbd7 8. O-O e5 9. e4 Nc5 10. Ne1 b5 11. cxb5 a6 12. bxa6 Rxa6 13. Nc2 Be6 14. Nb4 Ra8 15. Bg5 h6 16. Bxf6 Qxf6 17. d4 Na4 18. d5 Bd7 19. c4 Qg6 20. f4 exf4 21. Rxf4 Rfb8 22. Qd2 Nc5 23. Raf1 Ra4 24. Nc6 Bxc6 25. dxc6 Rf8 26. e5 Ne6 27. R4f2 dxe5 28. Qd7 e4 29. Qd5 Ng5 30. h4 Nf3+ 31. Bxf3 exf3 32. Rxf3 Rxa2 33. R1f2 Rxf2 34. Kxf2 Ra8 35. Kg2 h5 36. Rf2 Re8 1/2-1/2

[Event "SRB-chT Women 1st League 2019"]
[Site "Subotica"]
[Date "2019.08.25"]
[Round "4"]
[White "Zarkovic, Mila"]
[Black "Drljevic, Ljilja"]
[Result "1-0"]
[ECO "B08"]
[WhiteElo "2141"]
[BlackElo "2162"]
[Annotator "NA"]
[PlyCount "113"]
[EventDate "2019.08.23"]
[EventType "team-tourn"]
[EventCountry "SRB"]
[SourceTitle "playchess.com"]
[Source "ChessBase"]
[SourceQuality "1"]
[TimeControl "40/5400+30:1800+30"]

1. e4 g6 2. d4 d6 3. Nc3 Nf6 4. Be3 c6 5. h3 Nbd7 6. Nf3 Bg7 7. Qd2 Qa5 8. Bd3 O-O 9. O-O Re8 10. a4 e5 11. dxe5 dxe5 12. Nd5 Qxd2 13. Nxf6+ Bxf6 14. Nxd2 Nf8 15. Nc4 Be6 16. Rfd1 Nd7 17. Nd6 Reb8 18. a5 b6 19. Ba6 Rf8 20. Bb7 Rab8 21. Bxc6 bxa5 22. b3 Nb6 23. Rxa5 Be7 24. Nb5 Nc8 25. Nxa7 Bb4 26. Rb5 Nxa7 27. Bxa7 Rxb5 28. Bxb5 Rc8 29. c4 Ra8 30. Bb6 Kg7 31. Bd7 Rb8 32. Bc7 Rb7 33. Bxe5+ f6 34. Bxe6 fxe5 35. Rd7+ Rxd7 36. Bxd7 Kf6 37. Kf1 Ke7 38. Bg4 h5 39. Bd1 h4 40. Ke2 Ke6 41. Kf3 Bc5 42. g3 g5 43. gxh4 gxh4 44. Kg4 Bxf2 45. b4 Be1 46. Ba4 Kd6 47. c5+ Kc7 48. b5 Bf2 49. Bb3 Kd7 50. Bd5 Kc8 51. b6 Kb8 52. c6 Bxb6 53. Kxh4 Kc7 54. Kg4 Kd6 55. h4 Bf2 56. h5 Be3 57. Kf5 1-0

[Event "SRB-chT Women 1st League 2019"]
[Site "Subotica"]
[Date "2019.08.25"]
[Round "4"]
[White "Marcetic, Marija"]
[Black "Pihajlic, Amalija"]
[Result "1/2-1/2"]
[ECO "C11"]
[WhiteElo "2133"]
[BlackElo "1889"]
[Annotator "NA"]
[PlyCount "83"]
[EventDate "2019.08.23"]
[EventType "team-tourn"]
[EventCountry "SRB"]
[SourceTitle "playchess.com"]
[Source "ChessBase"]
[SourceQuality "1"]
[TimeControl "40/5400+30:1800+30"]

1. e4 e6 2. Nc3 d5 3. Nf3 Nf6 4. e5 Nfd7 5. d4 c5 6. dxc5 Bxc5 7. Bd3 Nc6 8. Bf4 h6 9. Bg3 a6 10. O-O b5 11. a3 Nb6 12. b4 Be7 13. Ne2 Bd7 14. Ned4 Nxd4 15. Nxd4 Na4 16. f4 g6 17. Kh1 Rc8 18. Qf3 Rc3 19. Be1 Rc8 20. Qg3 Nc3 21. Bxg6 Rg8 22. Bxc3 Rxg6 23. Qf3 Qc7 24. Bb2 f5 25. Qh5 Kf7 26. g4 Rcg8 27. gxf5 exf5 28. Rg1 Qb6 29. Rae1 Kf8 30. Rxg6 Rxg6 31. e6 Be8 32. Qxf5+ Bf6 33. e7+ Kg7 34. Re6 Bxd4 35. Bxd4+ Qxd4 36. Rxg6+ Bxg6 37. Qxg6+ Kxg6 38. e8=Q+ Kf5 39. Qh5+ Kxf4 40. Qxh6+ Kf3 41. Qh3+ Ke2 42. Qg2+ 1/2-1/2

[Event "SRB-chT Women 1st League 2019"]
[Site "Subotica"]
[Date "2019.08.25"]
[Round "4"]
[White "Kovacevic, Radmila"]
[Black "Tadic, Katarina"]
[Result "1-0"]
[ECO "B22"]
[WhiteElo "2117"]
[BlackElo "2020"]
[Annotator "NA"]
[PlyCount "117"]
[EventDate "2019.08.23"]
[EventType "team-tourn"]
[EventCountry "SRB"]
[SourceTitle "playchess.com"]
[Source "ChessBase"]
[SourceQuality "1"]
[TimeControl "40/5400+30:1800+30"]

1. e4 c5 2. Nf3 e6 3. c3 d5 4. exd5 Qxd5 5. d4 Nf6 6. Na3 Nc6 7. Nb5 Qd8 8. dxc5 Bxc5 9. Qxd8+ Kxd8 10. Bg5 a6 11. Rd1+ Ke7 12. Nbd4 Nxd4 13. Nxd4 Bd7 14. Be2 Bxd4 15. Rxd4 Bc6 16. O-O Rhd8 17. Rfd1 Rxd4 18. Rxd4 h6 19. Be3 Nd5 20. Bf3 Rc8 21. Bc1 Nf6 22. Be2 Rd8 23. Rxd8 Kxd8 24. f3 Kd7 25. Kf2 e5 26. c4 Ke6 27. b3 Nd7 28. g4 f5 29. gxf5+ Kxf5 30. Bf1 Nc5 31. b4 Ne6 32. b5 axb5 33. cxb5 Bd5 34. a4 Nd4 35. Bd3+ Ke6 36. f4 e4 37. Bf1 Nb3 38. Bh3+ Kf6 39. Bb2+ Kf7 40. Ke3 g6 41. Bc3 g5 42. fxg5 hxg5 43. Bf5 Nc5 44. a5 Be6 45. Bh7 Bd7 46. Bd4 Ne6 47. a6 bxa6 48. bxa6 Nc7 49. a7 Bc6 50. Bxe4 Nd5+ 51. Kf2 Ke6 52. Kg3 g4 53. Kxg4 Nf6+ 54. Bxf6 Bxe4 55. Kg5 Kd7 56. Kf4 Bd5 57. Ke5 Bf3 58. h4 Kc7 59. h5 1-0

[Event "SRB-chT Women 1st League 2019"]
[Site "Subotica"]
[Date "2019.08.25"]
[Round "4"]
[White "Urosevic, Marija"]
[Black "Milutinovic, Stefana"]
[Result "1-0"]
[ECO "A66"]
[WhiteElo "2064"]
[BlackElo "2140"]
[Annotator "NA"]
[PlyCount "83"]
[EventDate "2019.08.23"]
[EventType "team-tourn"]
[EventCountry "SRB"]
[SourceTitle "playchess.com"]
[Source "ChessBase"]
[SourceQuality "1"]
[TimeControl "40/5400+30:1800+30"]

1. d4 Nf6 2. c4 c5 3. d5 e6 4. Nc3 exd5 5. cxd5 d6 6. e4 g6 7. f4 Bg7 8. e5 Nfd7 9. Ne4 dxe5 10. Nd6+ Ke7 11. Nxc8+ Qxc8 12. Nf3 Re8 13. fxe5 Nxe5 14. Bb5 Nbd7 15. Nxe5 Kf8 16. O-O Rxe5 17. Bf4 c4 18. Kh1 Qc5 19. a4 Rxd5 20. Qf3 Nf6 21. Rac1 Qe7 22. Bxc4 Rf5 23. Bd3 Rc5 24. Rce1 Qd7 25. Bb5 Qd5 26. Qa3 Ng4 27. h3 Kg8 28. hxg4 Rc2 29. Qf3 Qc5 30. Be3 Qc7 31. Rd1 Qe7 32. Rd7 Qh4+ 33. Qh3 Qxh3+ 34. gxh3 Re8 35. Rfxf7 Bxb2 36. Rfe7 Rf8 37. Bh6 Rfc8 38. Rxb7 Bf6 39. Re8+ Rxe8 40. Bxe8 Be5 41. Bf7+ Kh8 42. Re7 1-0

[Event "SRB-chT Women 1st League 2019"]
[Site "Subotica"]
[Date "2019.08.25"]
[Round "4"]
[White "Zivkovic, Vesna"]
[Black "Vujcic, Milena"]
[Result "0-1"]
[ECO "A48"]
[WhiteElo "2016"]
[BlackElo "1976"]
[Annotator "NA"]
[PlyCount "64"]
[EventDate "2019.08.23"]
[EventType "team-tourn"]
[EventCountry "SRB"]
[SourceTitle "playchess.com"]
[Source "ChessBase"]
[SourceQuality "1"]
[TimeControl "40/5400+30:1800+30"]

1. d4 Nf6 2. Nf3 g6 3. e3 Bg7 4. Bd3 O-O 5. O-O d6 6. e4 Nc6 7. c3 e5 8. dxe5 dxe5 9. Qc2 Qe7 10. Bg5 h6 11. Bh4 a6 12. Nbd2 Rd8 13. Rfe1 g5 14. Bg3 Qd7 15. Bc4 g4 16. Bxe5 gxf3 17. Nxf3 Qe7 18. Bg3 Bg4 19. Nh4 Qc5 20. Qb3 Rd7 21. Bf1 Be6 22. Qc2 Nh5 23. Re3 Rad8 24. Qe2 Qg5 25. Nf3 Nxg3 26. hxg3 Qh5 27. Qc2 Ne5 28. Nxe5 Qxe5 29. Qa4 Rd2 30. Qb4 b5 31. a4 Bf8 32. Qa5 Bc5 0-1

[Event "SRB-chT Women 1st League 2019"]
[Site "Subotica"]
[Date "2019.08.25"]
[Round "4"]
[White "Gajcin, Jasmina"]
[Black "Benderac, Ana"]
[Result "1-0"]
[ECO "B06"]
[WhiteElo "1910"]
[BlackElo "2228"]
[Annotator "NA"]
[PlyCount "53"]
[EventDate "2019.08.23"]
[EventType "team-tourn"]
[EventCountry "SRB"]
[SourceTitle "playchess.com"]
[Source "ChessBase"]
[SourceQuality "1"]
[TimeControl "40/5400+30:1800+30"]

1. e4 g6 2. d4 Bg7 3. Nf3 d6 4. Nc3 a6 5. a4 Bg4 6. Be3 Nc6 7. Be2 Nf6 8. O-O O-O 9. Qd2 d5 10. exd5 Nxd5 11. Nxd5 Qxd5 12. Rad1 Rad8 13. c4 Qa5 14. d5 Qxa4 15. Ra1 Qb3 16. Ra3 Qb4 17. Qxb4 Nxb4 18. Bc5 Nc2 19. Rb3 Rb8 20. Rc1 Bxf3 21. Rxc2 Be4 22. Rc1 Rfe8 23. Ba7 Ra8 24. Rxb7 Bxb2 25. Rd1 a5 26. Bd4 Reb8 27. Rxb2 1-0

[Event "SRB-chT Women 1st League 2019"]
[Site "Subotica"]
[Date "2019.08.26"]
[Round "5"]
[White "Gaponenko, Inna"]
[Black "Prudnikova, Svetlana"]
[Result "1-0"]
[ECO "C87"]
[WhiteElo "2446"]
[BlackElo "2234"]
[Annotator "NA"]
[PlyCount "69"]
[EventDate "2019.08.23"]
[EventType "team-tourn"]
[EventCountry "SRB"]
[SourceTitle "playchess.com"]
[Source "ChessBase"]
[SourceQuality "1"]
[TimeControl "40/5400+30:1800+30"]

1. e4 e5 2. Nf3 Nc6 3. Bb5 a6 4. Ba4 Nf6 5. O-O Be7 6. Re1 d6 7. c3 Bg4 8. d3 Nd7 9. Nbd2 Nc5 10. h3 Bh5 11. Bxc6+ bxc6 12. d4 Nd3 13. Re3 Nxc1 14. Qa4 O-O 15. Rxc1 exd4 16. cxd4 c5 17. dxc5 dxc5 18. Nc4 Bg5 19. Nxg5 Qxg5 20. Qc6 Bf3 21. g3 f5 22. Qd5+ Kh8 23. Ne5 Bh5 24. Qxc5 h6 25. f4 Qd8 26. exf5 Rxf5 27. g4 Rxf4 28. gxh5 Qg5+ 29. Kh1 Qxh5 30. Rg1 g5 31. Qc6 Rg8 32. Ng4 Rgf8 33. Qxh6+ Qxh6 34. Nxh6 Rf2 35. Rg2 1-0

[Event "SRB-chT Women 1st League 2019"]
[Site "Subotica"]
[Date "2019.08.26"]
[Round "5"]
[White "Stojanovic, Andjelija"]
[Black "Urosevic, Marija"]
[Result "1-0"]
[ECO "B22"]
[WhiteElo "2350"]
[BlackElo "2064"]
[Annotator "NA"]
[PlyCount "62"]
[EventDate "2019.08.23"]
[EventType "team-tourn"]
[EventCountry "SRB"]
[SourceTitle "playchess.com"]
[Source "ChessBase"]
[SourceQuality "1"]
[TimeControl "40/5400+30:1800+30"]

1. e4 c5 2. c3 Nf6 3. e5 Nd5 4. Nf3 e6 5. g3 Nc6 6. Bg2 d6 7. exd6 Bxd6 8. O-O O-O 9. d4 cxd4 10. Nxd4 Nde7 11. Nxc6 Nxc6 12. Nd2 e5 13. Ne4 Be7 14. Qh5 f6 15. Rd1 Qc7 16. Be3 Nd8 17. Rd2 Nf7 18. h4 Be6 19. Qf3 h6 20. g4 Qc8 21. Ng3 Nd6 22. Nf5 Bxf5 23. gxf5 e4 24. Qf4 Nc4 25. Qxe4 Nxe3 26. Qxe7 Nxf5 27. Qxb7 Qxb7 28. Bxb7 Rab8 29. Bd5+ Kh8 30. h5 Ne7 31. Bf3 Rb5 1-0

[Event "SRB-chT Women 1st League 2019"]
[Site "Subotica"]
[Date "2019.08.26"]
[Round "5"]
[White "Doluhanova, Evgeniya"]
[Black "Bojkovic, Natasa"]
[Result "1/2-1/2"]
[ECO "A47"]
[WhiteElo "2305"]
[BlackElo "2374"]
[Annotator "NA RC"]
[PlyCount "71"]
[EventDate "2019.08.23"]
[EventType "team-tourn"]
[EventCountry "SRB"]
[SourceTitle "playchess.com"]
[Source "ChessBase"]
[SourceQuality "1"]
[TimeControl "40/5400+30:1800+30"]

1. Nf3 Nf6 2. d4 e6 3. Bf4 c5 4. e3 b6 5. Bd3 Bb7 6. O-O Be7 7. c3 O-O 8. a4 Nh5 9. a5 Nxf4 10. exf4 cxd4 11. Nxd4 bxa5 12. Nd2 Nc6 13. Nxc6 Bxc6 14. Nc4 Qc7 15. Nxa5 Qxf4 16. Nxc6 dxc6 17. Ra4 Qc7 18. Qf3 a5 19. Rfa1 Rab8 20. Qe2 Qb6 21. R1a2 Rfd8 22. Rxa5 Qb3 23. Bc2 Qb6 24. b4 g6 25. g3 Rd6 26. Qf3 Kg7 27. Ra6 Qc7 28. c4 Qd8 29. Rxc6 Rxc6 30. Qxc6 Rxb4 31. Ra7 Rb6 32. Qe4 Kg8 33. Kg2 Rb8 34. Ba4 Bc5 35. Rd7 Qf6 36. Rd2 1/2-1/2

[Event "SRB-chT Women 1st League 2019"]
[Site "Subotica"]
[Date "2019.08.26"]
[Round "5"]
[White "Drljevic, Ljilja"]
[Black "Chelushkina, Irina"]
[Result "1-0"]
[ECO "B10"]
[WhiteElo "2162"]
[BlackElo "2275"]
[Annotator "NA"]
[PlyCount "59"]
[EventDate "2019.08.23"]
[EventType "team-tourn"]
[EventCountry "SRB"]
[SourceTitle "playchess.com"]
[Source "ChessBase"]
[SourceQuality "1"]
[TimeControl "40/5400+30:1800+30"]

1. e4 c6 2. d3 e5 3. Nf3 Nf6 4. g3 d6 5. Bg2 Be7 6. O-O O-O 7. a4 Na6 8. Re1 Nc7 9. Nbd2 Be6 10. Nf1 Nd7 11. h4 h6 12. Ne3 d5 13. Nf5 Bf6 14. Nh2 Bxf5 15. exf5 Be7 16. Ng4 Bd6 17. Nxh6+ gxh6 18. Bxh6 Nf6 19. g4 Re8 20. g5 Nh7 21. Qh5 Bf8 22. Bxf8 Nxf8 23. f6 Qd6 24. Bh3 e4 25. dxe4 Rxe4 26. Qh6 Nce6 27. Bf5 Re5 28. Bd3 d4 29. g6 fxg6 30. Bxg6 1-0

[Event "SRB-chT Women 1st League 2019"]
[Site "Subotica"]
[Date "2019.08.26"]
[Round "5"]
[White "Zarkovic, Mila"]
[Black "Velikic, Adela"]
[Result "0-1"]
[ECO "B70"]
[WhiteElo "2141"]
[BlackElo "2252"]
[Annotator "NA"]
[PlyCount "59"]
[EventDate "2019.08.23"]
[EventType "team-tourn"]
[EventCountry "SRB"]
[SourceTitle "playchess.com"]
[Source "ChessBase"]
[SourceQuality "1"]
[TimeControl "40/5400+30:1800+30"]

1. e4 c5 2. Nf3 Nc6 3. d4 cxd4 4. Nxd4 Nf6 5. Nc3 d6 6. Nb3 g6 7. Bg5 Bg7 8. Qd2 O-O 9. O-O-O a5 10. a4 Be6 11. h4 Rc8 12. f3 Nd7 13. Kb1 Bxb3 14. cxb3 Nc5 15. Ka2 Nb4+ 16. Ka3 Ne6 17. Be3 Bd4 18. Bd3 Qb6 19. Bxd4 Nxd4 20. Nb5 Nxb5+ 21. Bxb5 Rc2 22. Qd4 Qxd4 23. Rxd4 Rfc8 24. Rg1 Rf2 25. Rc4 Rxc4 26. bxc4 Kf8 27. c5 dxc5 28. Kb3 Nc2 29. Kc4 b6 30. Kc3 0-1

[Event "SRB-chT Women 1st League 2019"]
[Site "Subotica"]
[Date "2019.08.26"]
[Round "5"]
[White "Gruic, Jadranka"]
[Black "Matkovic, Simana"]
[Result "1-0"]
[ECO "D02"]
[WhiteElo "2117"]
[BlackElo "1933"]
[Annotator "NA"]
[PlyCount "37"]
[EventDate "2019.08.23"]
[EventType "team-tourn"]
[EventCountry "SRB"]
[SourceTitle "playchess.com"]
[Source "ChessBase"]
[SourceQuality "1"]
[TimeControl "40/5400+30:1800+30"]

1. d4 d5 2. Bf4 Nf6 3. e3 c5 4. Nf3 Nc6 5. c3 Qb6 6. Qc2 Bf5 7. dxc5 Bxc2 8. cxb6 axb6 9. Na3 Bf5 10. Nb5 Rc8 11. Bc7 Nd7 12. Rd1 Na7 13. Bg3 Nc6 14. Nc7+ Kd8 15. Nxd5 Ke8 16. Nc7+ Kd8 17. Nb5 f6 18. Nfd4 Bg6 19. Ne6+ 1-0

[Event "SRB-chT Women 1st League 2019"]
[Site "Subotica"]
[Date "2019.08.26"]
[Round "5"]
[White "Grujic, Danijela"]
[Black "Kovacevic, Radmila"]
[Result "1/2-1/2"]
[ECO "B24"]
[WhiteElo "2033"]
[BlackElo "2117"]
[Annotator "NA"]
[PlyCount "66"]
[EventDate "2019.08.23"]
[EventType "team-tourn"]
[EventCountry "SRB"]
[SourceTitle "playchess.com"]
[Source "ChessBase"]
[SourceQuality "1"]
[TimeControl "40/5400+30:1800+30"]

1. e4 c5 2. Nc3 Nc6 3. g3 g6 4. Bg2 Bg7 5. d3 e6 6. Be3 Qa5 7. Qd2 Nge7 8. Bh6 Bxh6 9. Qxh6 d5 10. exd5 exd5 11. Qd2 Nb4 12. Rc1 Be6 13. a3 Nbc6 14. Nf3 O-O 15. O-O Bg4 16. Qf4 Bxf3 17. Bxf3 Nd4 18. Rfe1 Nxf3+ 19. Qxf3 Rfe8 20. Re5 Nc6 21. Rxe8+ Rxe8 22. Qxd5 Re5 23. Qd6 Qb6 24. Rb1 Re6 25. Qd5 Re5 26. Qd7 Nd4 27. Ne4 Rf5 28. c3 Nf3+ 29. Kg2 Ne5 30. Qc8+ Kg7 31. Qxc5 Qxc5 32. Nxc5 b6 33. Ne4 Nxd3 1/2-1/2

[Event "SRB-chT Women 1st League 2019"]
[Site "Subotica"]
[Date "2019.08.26"]
[Round "5"]
[White "Pihajlic, Amalija"]
[Black "Nomin-Erdene, Davaademberel"]
[Result "0-1"]
[ECO "B12"]
[WhiteElo "1889"]
[BlackElo "2367"]
[Annotator "NA"]
[PlyCount "56"]
[EventDate "2019.08.23"]
[EventType "team-tourn"]
[EventCountry "SRB"]
[SourceTitle "playchess.com"]
[Source "ChessBase"]
[SourceQuality "1"]
[TimeControl "40/5400+30:1800+30"]

1. e4 c6 2. d4 d5 3. f3 g6 4. c3 Bg7 5. Bd3 dxe4 6. fxe4 e5 7. dxe5 Qh4+ 8. g3 Qe7 9. Nf3 Bg4 10. h3 Bxf3 11. Qxf3 Nd7 12. Bc2 Nxe5 13. Qg2 O-O-O 14. O-O Nd3 15. Be3 Be5 16. Bxa7 Nf6 17. Bb3 Nc5 18. Nd2 Rd3 19. Rf3 Rhd8 20. Nc4 Rxf3 21. Qxf3 Rd3 22. Nb6+ Kd8 23. Rd1 Bd4+ 24. Kg2 Rxf3 25. Rxd4+ Ke8 26. Kxf3 Nfxe4 27. Nd7 Ng5+ 28. Kf2 Nxd7 0-1

[Event "SRB-chT Women 1st League 2019"]
[Site "Subotica"]
[Date "2019.08.27"]
[Round "6"]
[White "Zimina, Olga"]
[Black "Doluhanova, Evgeniya"]
[Result "1-0"]
[ECO "D30"]
[WhiteElo "2376"]
[BlackElo "2305"]
[Annotator "NA"]
[PlyCount "57"]
[EventDate "2019.08.23"]
[EventType "team-tourn"]
[EventCountry "SRB"]
[SourceTitle "playchess.com"]
[Source "ChessBase"]
[SourceQuality "1"]
[TimeControl "40/5400+30:1800+30"]

1. d4 Nf6 2. c4 e6 3. g3 d5 4. Bg2 Bb4+ 5. Nd2 c6 6. Qc2 O-O 7. Ngf3 Ne4 8. O-O Nxd2 9. Nxd2 b5 10. c5 Nd7 11. e4 Bb7 12. exd5 exd5 13. Nf3 Ba5 14. Bg5 f6 15. Bf4 Re8 16. a4 b4 17. Rfe1 Nf8 18. Bd2 Ba6 19. Qf5 Qc7 20. b3 Qf7 21. Bf1 Bxf1 22. Kxf1 Qg6 23. Nh4 Qf7 24. Qd3 Ne6 25. Nf5 Qg6 26. Re3 Kf8 27. Nd6 Qxd3+ 28. Rxd3 Re7 29. Re1 1-0

[Event "SRB-chT Women 1st League 2019"]
[Site "Subotica"]
[Date "2019.08.27"]
[Round "6"]
[White "Bojkovic, Natasa"]
[Black "Atalik, Ekaterina"]
[Result "1/2-1/2"]
[ECO "C77"]
[WhiteElo "2374"]
[BlackElo "2456"]
[Annotator "ChessBase"]
[PlyCount "86"]
[EventDate "2019.08.23"]
[EventType "team-tourn"]
[EventCountry "SRB"]
[SourceTitle "playchess.com"]
[Source "ChessBase"]
[SourceQuality "1"]
[TimeControl "40/5400+30:1800+30"]

1. e4 e5 2. Nf3 Nc6 3. Bb5 a6 4. Ba4 Nf6 5. d3 d6 6. c4 g6 7. Nc3 Bg7 8. Nd5 Bd7 9. O-O Nxd5 10. cxd5 Ne7 11. Bxd7+ Qxd7 12. Be3 c6 13. dxc6 Nxc6 14. Nd2 O-O 15. Nc4 Rab8 16. Nb6 Qe6 17. Qa4 f5 18. f3 Rf7 19. Rac1 f4 20. Bf2 g5 21. Qb3 Qg6 22. Nd5 Re8 23. Nc7 Rc8 24. Nd5 Bf8 25. Nb4 g4 26. fxg4 Qxg4 27. Nxc6 bxc6 28. d4 Bg7 29. d5 cxd5 30. h3 Qd7 31. Qxd5 Bf8 32. Kh2 Kg7 33. b3 Rf6 34. Rfd1 f3 35. Rxc8 Qxc8 36. Rg1 fxg2 37. Rxg2+ Rg6 38. Rxg6+ hxg6 39. Qc4 Qxc4 40. bxc4 Kf6 41. Kg3 Ke6 42. Kf3 Bh6 43. Ke2 Kd7 1/2-1/2